Cogmind - Beta 17.1 @@@ ROGUE MODE // 2026.09.04 @ 20:28:28 Player: frazz Result: Self-destructed Performance ------------- Evolutions (2) 1000 Regions Visited (7) 1400 Robots Destroyed (20) 100 Value Destroyed (431) 431 Prototype IDs (24) 480 Alien Tech Used (0) 0 Bonus (395) 395 TOTAL SCORE: 3806 Bonus ------- Follower Combat Kills 95 Aligned with FarCom 300 Cogmind --------- Core Integrity 228/550 Matter 157/300 Energy 150/150 System Corruption 0% Temperature Critical (541) Movement Walking (130) Location -8/Materials Parts ------- > --- POWER (2) -------- Micro Nuclear Core > --- PROPULSION (3) --- Titanium Leg Titanium Leg (fused) > --- UTILITY (4) ------ Small Storage Unit > --- WEAPON (2) ------- (None) > --- INVENTORY (8) ---- Light Ion Engine Carbon-fiber Leg Small Storage Unit Recalibrator Heavy Particle Cannon EMP Blaster Peak State ------------ > --- POWER ------------ Light Ion Engine Micro Nuclear Core > --- PROPULSION ------- Titanium Leg Titanium Leg Titanium Leg > --- UTILITY ---------- Small Storage Unit Experimental Sensor Array Cloak of Protection Medium Armor Plating > --- WEAPON ----------- Arc Projector Heavy Particle Cannon > --- INVENTORY -------- Light Ion Engine Carbon-fiber Leg Small Storage Unit Recalibrator Light Assault Rifle EMP Blaster [Rating: 42] Favorites ----------- Power Micro Nuclear Core Engine Light Ion Engine Power Core Micro Nuclear Core Propulsion Titanium Leg Leg Titanium Leg Utility Small Storage Unit Device Experimental Sensor Array Storage Small Storage Unit Processor Signal Interpreter Protection Medium Armor Plating Weapon Light Assault Rifle Energy Gun Small Laser Energy Cannon Heavy Particle Cannon Ballistic Gun Light Assault Rifle Launcher EMP Blaster Build | -11 -10 -10 -9 -9 -9 -8 -8 ------- Run | Yrd Mat Min Mat Min Exi Min Mat Slots Evolved 4 | . . . 2 . . . 2 Power 1 | . . . . . . . 1 Propulsion 1 | . . . 1 . . . . Utility 2 | . . . 1 . . . 1 Weapon . | . . . . . . . . Parts Attached 29 | 6 4 4 6 5 1 . 3 Power 7 | 1 . 2 1 2 . . 1 Engine 6 | 1 . 2 1 1 . . 1 Core 1 | . . . . 1 . . . Reactor . | . . . . . . . . Propulsion 8 | 2 . 2 4 . . . . Treads . | . . . . . . . . Leg 8 | 2 . 2 4 . . . . Wheel . | . . . . . . . . Hover . | . . . . . . . . Flight . | . . . . . . . . Utility 8 | 1 3 . 1 1 1 . 1 Device 4 | 1 1 . . 1 1 . . Storage 2 | . 1 . 1 . . . . Processor 1 | . 1 . . . . . . Hackware . | . . . . . . . . Protection 1 | . . . . . . . 1 Artifact . | . . . . . . . . Weapon 6 | 2 1 . . 2 . . 1 Energy Gun 2 | 1 . . . 1 . . . Energy Cannon 1 | . . . . . . . 1 Ballistic Gun 2 | 1 1 . . . . . . Ballistic Cannon . | . . . . . . . . Launcher 1 | . . . . 1 . . . Special Weapon . | . . . . . . . . Impact Weapon . | . . . . . . . . Slashing Weapon . | . . . . . . . . Piercing Weapon . | . . . . . . . . Special Melee Weapon . | . . . . . . . . Unidentified Prototypes 1 | . . . . 1 . . . Parts Lost 7 | . . . . . . . 7 Power 1 | . . . . . . . 1 Propulsion 1 | . . . . . . . 1 Utility 3 | . . . . . . . 3 Weapon 2 | . . . . . . . 2 Highest Loss Streak 7 | . . . . . . . 7 To Critical Strikes . | . . . . . . . . Average Backups 6 | 2 4 4 7 7 7 8 6 Power 1 | . 1 . . 1 2 2 1 Propulsion . | . . . . . 1 1 1 Utility 2 | . . 2 4 2 2 3 2 Weapon 2 | . 1 2 2 2 2 2 2 Tool/Special . | . . . . . . . . Unused Backups 17 | . 2 2 5 5 . . 3 Power 1 | . 1 . . . . . . Propulsion 2 | . . . 1 . . . 1 Utility 9 | . 1 . 3 3 . . 2 Weapon 5 | . . 2 1 2 . . . Tool/Special . | . . . . . . . . Average Slot Usage (%) 98 | . 88 100 96 100 99 100 96 Engine 5 | . 12 14 11 3 . . 7 Core 6 | . . . . 7 11 11 9 Leg 31 | . 28 28 29 33 33 33 27 Device 14 | . 14 14 11 11 15 22 16 Storage 8 | . 5 . 11 11 11 11 9 Processor 6 | . . 14 11 11 6 . . Energy Gun 11 | . 14 14 11 11 11 11 8 Ballistic Gun 11 | . 13 14 11 9 11 11 8 Peak Build Rating 42 | 8 9 8 16 30 37 37 42 Average Rating 23 | 5 8 7 11 26 32 37 37 On Entrance 17 | . 8 6 8 16 30 37 37 Avg Prop Armor Cover (%) 7 | . . . 7 7 . . 15 Naked Turns . | . . . . . . . . Heaviest Build 38 | 7 12 8 13 17 25 25 38 Greatest Support 51 | 20 20 20 51 51 51 51 51 Greatest Overweight (x) . | . . . . . . . . Average Overweight (x) . | . . . . . . . . Largest Inventory Capacity 8 | 5 8 5 8 8 8 8 8 Average Capacity 7 | 5 6 5 8 8 8 8 8 Most Carried 8 | 4 7 5 8 8 8 8 7 Average Carried 6 | 2 4 4 7 7 7 7 6 Final Capacity 8 | 5 5 5 8 8 8 8 8 Final Carried 8 | 3 5 5 7 8 8 8 6 Class Distribution -------------------- 74% | Mutant 25% | Skirmisher Dominant Class ---------------- Mutant | -10/Materials Mutant | -10/Mines Mutant | -9/Materials Mutant | -9/Mines Mutant | -9/Exiles Skirmisher | -8/Mines Skirmisher | -8/Materials Resources | -11 -10 -10 -9 -9 -9 -8 -8 ----------- Run | Yrd Mat Min Mat Min Exi Min Mat Matter Collected 651 | 213 31 133 84 162 . 28 . Remotely . | . . . . . . . . Salvage Created 611 | 22 31 208 104 128 . . 118 Parts 43 | 3 5 11 5 12 . . 7 Haulers Intercepted 1 | . . . 1 . . . . Recyclers Shooed . | . . . . . . . . Parts Field Recycled . | . . . . . . . . Retrieved Matter . | . . . . . . . . Parts Self-Destructed . | . . . . . . . . Prevented . | . . . . . . . . Parts Restored . | . . . . . . . . Kills | -11 -10 -10 -9 -9 -9 -8 -8 ------- Run | Yrd Mat Min Mat Min Exi Min Mat Combat Hostiles Destroyed 18 | . 2 5 1 6 . . 4 Guns 12 | . 2 5 1 3 . . 1 AOE 6 | . . . . 3 . . 3 Classes Destroyed 6 | 1 1 1 2 1 . . . Tunneler 1 | 1 . . . . . . . Hauler 1 | . . . 1 . . . . Swarmer 10 | . 2 . . 5 . . 3 Grunt 6 | . . 5 . . . . 1 Duelist 1 | . . . . 1 . . . Sentry 1 | . . . 1 . . . . Best Kill Streak 4 | 1 2 2 2 4 . . 3 Combat Bots Only 4 | . 2 2 1 4 . . 3 Max Kills in Single Turn 3 | 1 1 1 1 3 . . 3 Gunslinging . | . . . . . . . . Exploded 3 | . . . . 3 . . 3 Melee . | . . . . . . . . Uniques/NPCs Destroyed . | . . . . . . . . Combat | -11 -10 -10 -9 -9 -9 -8 -8 -------- Run | Yrd Mat Min Mat Min Exi Min Mat Hostile Shots Fired 135 | . 12 15 15 33 . . 60 Missed 31 | . 7 1 5 9 . . 9 Hits 104 | . 5 14 10 24 . . 51 Projectile 104 | . 5 14 10 24 . . 51 Critical Strikes 3 | . . . . . . . 3 Damage Taken 1619 | . 47 214 150 197 . . 1011 Core 395 | . 8 34 17 14 . . 322 Absorbed by Shields . | . . . . . . . . Core Remaining (%) 91 | 100 . 83 . . . 92 . Volleys Fired 98 | 4 4 13 7 45 . . 25 Largest 2 | 2 2 2 2 2 . . 2 Hottest 95 | 60 60 60 60 95 . . 88 Shots Fired 188 | 8 8 26 14 89 . . 43 Gun 182 | 8 8 26 14 85 . . 41 Cannon . | . . . . . . . . Launcher 6 | . . . . 4 . . 2 Special . | . . . . . . . . Kinetic 81 | 4 4 13 7 30 . . 23 Thermal 54 | 4 4 13 7 26 . . . Explosive . | . . . . . . . . Electromagnetic 53 | . . . . 33 . . 20 Robot Hit Streak 18 | 5 7 18 10 11 . . 5 Robot Miss Streak 3 | 1 2 3 1 3 . . 3 Penetration Max . | . . . . . . . . Secondary Targets 2 | . . . . 1 . . 1 Max Gunslinging Chain 1 | . . . . 1 . . 1 Shots Hit Robots 77 | 6 3 20 12 11 . . 25 Core Hits 38 | 1 2 12 4 9 . . 10 Critical Kills . | . . . . . . . . Critical Parts Destroyed 1 | . . . . . . . 1 Critical Strikes 1 | . . . . . . . 1 Destroy 1 | . . . . . . . 1 Melee Attacks . | . . . . . . . . Impact . | . . . . . . . . Slashing . | . . . . . . . . Piercing . | . . . . . . . . Sneak Attacks . | . . . . . . . . Combat Hostiles . | . . . . . . . . Follow-up Attacks . | . . . . . . . . Damage Inflicted 941 | 71 30 196 108 187 . . 349 Guns 753 | 71 30 196 108 103 . . 245 Cannons . | . . . . . . . . Explosions 188 | . . . . 84 . . 104 Melee . | . . . . . . . . Ramming . | . . . . . . . . Kinetic 291 | 26 10 70 42 29 . . 114 Thermal 331 | 45 20 126 66 74 . . . Explosive . | . . . . . . . . Electromagnetic 319 | . . . . 84 . . 235 Impact . | . . . . . . . . Slashing . | . . . . . . . . Piercing . | . . . . . . . . Highest Corruption 2 | . . . 2 2 2 2 . Average Corruption 2 | . . . 2 2 2 2 . Corruption Purged . | . . . . . . . . Corruption Blocked . | . . . . . . . . Effects 25 | . . . 3 10 3 9 . Message Errors 6 | . . . . 4 1 1 . Matter Fused 6 | . . . . 3 1 2 . Heat Flow Errors 4 | . . . 2 . 1 1 . Energy Discharges 2 | . . . . . . 2 . Parts Fused 1 | . . . . . . 1 . Data Loss (minor) 4 | . . . 1 2 . 1 . Data Loss (major) 2 | . . . . 1 . 1 . Overload Shots . | . . . . . . . . Overflow Damage . | . . . . . . . . Projectiles . | . . . . . . . . Explosions . | . . . . . . . . Melee . | . . . . . . . . Knockbacks . | . . . . . . . . Impact . | . . . . . . . . Kinetic . | . . . . . . . . Secondary . | . . . . . . . . Self-Inflicted Damage 20 | . . . . 5 . . 15 Shots 2 | . . . . 1 . . 1 Rammed . | . . . . . . . . Targets Rammed . | . . . . . . . . Kicked . | . . . . . . . . Crushed . | . . . . . . . . Highest Temperature 629 | . . 97 242 327 246 259 629 Average Temperature 156 | . . 42 64 122 125 136 351 Received Heat Transfer 633 | . . 99 48 . . . 486 Effects 24 | . . . 1 . . . 23 Shutdowns 5 | . . . . . . . 5 Energy Bleed 3 | . . . 1 . . . 2 Matter Decay 3 | . . . . . . . 3 Short Circuit 3 | . . . . . . . 3 Damage (minor) 3 | . . . . . . . 3 Damage (major) 5 | . . . . . . . 5 Damage (core) 2 | . . . . . . . 2 Siege Activations . | . . . . . . . . Martial Activations . | . . . . . . . . Shielding Activations . | . . . . . . . . Robots Disrupted . | . . . . . . . . Combat Hostiles . | . . . . . . . . Robots Corrupted . | . . . . . . . . Combat Hostiles . | . . . . . . . . Parts Fried 1 | . . . . . . . 1 Impact Corruptions . | . . . . . . . . Robots Melted . | . . . . . . . . Combat Hostiles . | . . . . . . . . Parts Melted . | . . . . . . . . Heat Transferred 750 | 100 50 275 150 175 . . . Parts Sabotaged . | . . . . . . . . Parts Stolen . | . . . . . . . . Parts Stripped . | . . . . . . . . Power Chain Reactions . | . . . . . . . . Alert | -11 -10 -10 -9 -9 -9 -8 -8 ------- Run | Yrd Mat Min Mat Min Exi Min Mat Maximum Alert Level . | . . . . . . . . Low Security (%) 100 | 100 100 100 100 100 . 100 100 Level 1 . | . . . . . . . . Level 2 . | . . . . . . . . Level 3 . | . . . . . . . . Level 4 . | . . . . . . . . Level 5 . | . . . . . . . . High Security . | . . . . . . . . Max Security . | . . . . . . . . Peak Influence 115 | 5 50 40 30 109 . . 115 Initial 7 | . . . . 7 . . . Average 11 | . 9 10 2 24 . . 39 Influence Increases 609 | 5 57 110 37 235 . . 165 Destroy 0b10 Robot/C 420 | . 40 100 20 180 . . 80 Destroy 0b10 Robot/NC 10 | 5 . . 5 . . . . Destroy Leader 62 | . 10 10 12 20 . . 10 Allied During Kill 20 | . . . . 20 . . . Successful Hack 7 | . 7 . . . . . . Partial Spotted 15 | . . . . . . . 15 Lose Combat Pursuer 75 | . . . . 15 . . 60 Influence Decreases 554 | 5 57 110 17 255 . . 110 Entered New Map 13 | . . . . 13 . . . Time Decay 431 | 5 57 110 17 202 . . 40 Lost Part 70 | . . . . . . . 70 Lost Ally 40 | . . . . 40 . . . Squads Dispatched 3 | . . . 1 2 . . . Investigation 2 | . . . 1 1 . . . Extermination . | . . . . . . . . Reinforcement . | . . . . . . . . Assault 1 | . . . . 1 . . . Garrison . | . . . . . . . . Intercept . | . . . . . . . . Searches Triggered . | . . . . . . . . Construction Impeded . | . . . . . . . . Haulers Reinforced . | . . . . . . . . Active Scanning Responses . | . . . . . . . . Cargo Convoy Interrupts . | . . . . . . . . Stealth | -11 -10 -10 -9 -9 -9 -8 -8 --------- Run | Yrd Mat Min Mat Min Exi Min Mat Distress Signals 7 | . 1 . 2 1 . . 3 Communications Jammed . | . . . . . . . . Distress Signals . | . . . . . . . . Times Spotted 40 | . 8 5 8 8 . 3 8 Peak Tracking Total 7 | . 4 2 4 5 . 3 7 Tactical Retreats 3 | . . . . 1 . . 2 Traps | -11 -10 -10 -9 -9 -9 -8 -8 ------- Run | Yrd Mat Min Mat Min Exi Min Mat Traps Triggered 2 | . 1 . 1 . . . . Indirectly . | . . . . . . . . Trap Hack Attempts . | . . . . . . . . Triggered . | . . . . . . . . Disarmed . | . . . . . . . . Reprogrammed . | . . . . . . . . Reused . | . . . . . . . . Traps Extracted . | . . . . . . . . Installed . | . . . . . . . . Triggered . | . . . . . . . . Machines | -11 -10 -10 -9 -9 -9 -8 -8 ---------- Run | Yrd Mat Min Mat Min Exi Min Mat Machines Disabled . | . . . . . . . . Max in Single Turn . | . . . . . . . . Machines Repaired . | . . . . . . . . Machines Dismantled . | . . . . . . . . Machines Sabotaged . | . . . . . . . . Overloaded Fab Kills . | . . . . . . . . Hacking | -11 -10 -10 -9 -9 -9 -8 -8 --------- Run | Yrd Mat Min Mat Min Exi Min Mat Machines Accessed 8 | . 3 1 1 1 1 1 . Terminals 4 | . 3 . . . . 1 . Fabricators . | . . . . . . . . Repair Stations . | . . . . . . . . Recycling Units . | . . . . . . . . Scanalyzers 1 | . . . 1 . . . . Garrison Access . | . . . . . . . . Total Hacks 13 | . 5 1 3 1 1 2 . Successful 7 | . 1 1 3 1 1 . . Failed 6 | . 4 . . . . 2 . Catastrophic 1 | . . . . . . 1 . Database Lockouts . | . . . . . . . . Manual 3 | . . . . . 1 2 . Terminals 7 | . 5 . . . . 2 . Fabricators . | . . . . . . . . Repair Stations . | . . . . . . . . Recycling Units . | . . . . . . . . Scanalyzers 3 | . . . 3 . . . . Garrison Access . | . . . . . . . . Terminal Hacks 4 | . 1 1 . 1 1 . . Open Door 2 | . . 1 . 1 . . . Branch Access Points 1 | . 1 . . . . . . Proto ID Catalog 1 | . . . . . 1 . . Fabricator Hacks . | . . . . . . . . Repair Station Hacks . | . . . . . . . . Recycling Unit Hacks . | . . . . . . . . Scanalyzer 3 | . . . 3 . . . . Retrieve Study 3 | . . . 3 . . . . Garrison Access Hacks . | . . . . . . . . Unauthorized Hacks . | . . . . . . . . Terminals . | . . . . . . . . Fabricators . | . . . . . . . . Repair Stations . | . . . . . . . . Recycling Units . | . . . . . . . . Scanalyzers . | . . . . . . . . Garrison Access . | . . . . . . . . Data Cores Recovered . | . . . . . . . . Used . | . . . . . . . . Hacking Detections 4 | . 2 . 1 . . 1 . Full Trace Events 1 | . . . 1 . . . . Feedback Events . | . . . . . . . . Feedback Blocked . | . . . . . . . . Robot Schematics Acquired . | . . . . . . . . Robots Built . | . . . . . . . . Authchips . | . . . . . . . . Time . | . . . . . . . . Total Robot Build Rating . | . . . . . . . . Part Schematics Acquired . | . . . . . . . . Parts Built . | . . . . . . . . Authchips . | . . . . . . . . Time . | . . . . . . . . Total Part Build Rating . | . . . . . . . . Part Studies Acquired 2 | . . . 2 . . . . Parts Repaired . | . . . . . . . . Time . | . . . . . . . . Parts Recycled . | . . . . . . . . Recycled Matter . | . . . . . . . . Retrieved Matter . | . . . . . . . . Retrieved Components . | . . . . . . . . Parts Scanalyzed . | . . . . . . . . Part Schematics Acquired . | . . . . . . . . Parts Damaged . | . . . . . . . . Bothacking | -11 -10 -10 -9 -9 -9 -8 -8 ------------ Run | Yrd Mat Min Mat Min Exi Min Mat Used RIF Installer . | . . . . . . . . Robots Hacked . | . . . . . . . . Non-combat . | . . . . . . . . Combat . | . . . . . . . . Robot Hacks Applied . | . . . . . . . . Relay Couplers Released . | . . . . . . . . Fabnet Peak Effective % . | . . . . . . . . Robots Rewired . | . . . . . . . . Allies Hacked . | . . . . . . . . Hacks Repelled . | . . . . . . . . Allies | -11 -10 -10 -9 -9 -9 -8 -8 -------- Run | Yrd Mat Min Mat Min Exi Min Mat Total Allies 4 | . . . . 4 . . . Largest Group 4 | . . . . 4 . . . Highest-Rated Group 71 | . . . . 71 . . . Highest-Rated Ally 31 | . . . . 31 . . . Total Orders . | . . . . . . . . Ally Attacks 33 | . . . . 33 . . . Total Damage 412 | . . . . 412 . . . Kills 3 | . . . . 3 . . . Allies Corrupted . | . . . . . . . . Allies Melted . | . . . . . . . . Intel | -11 -10 -10 -9 -9 -9 -8 -8 ------- Run | Yrd Mat Min Mat Min Exi Min Mat Active Infowar (turns) 2983 | 57 256 408 390 745 332 663 132 Sensors 2690 | . 20 408 390 745 332 663 132 Terrain 293 | 57 236 . . . . . . Cloaking 27 | . . . . . 2 25 . Robot Analysis Total . | . . . . . . . . Derelict Logs Recovered . | . . . . . . . . Drone Launches . | . . . . . . . . Drone Recoveries . | . . . . . . . . Exploration | -11 -10 -10 -9 -9 -9 -8 -8 ------------- Run | Yrd Mat Min Mat Min Exi Min Mat Turns Passed 3087 | 126 262 408 390 746 332 663 160 Spaces Moved 1872 | 85 152 247 244 417 253 418 56 Core 3 | 3 . . . . . . . Treads . | . . . . . . . . Legs 1869 | 82 152 247 244 417 253 418 56 Wheels . | . . . . . . . . Hover . | . . . . . . . . Flight . | . . . . . . . . Fastest Speed 50 | 50 120 120 120 130 130 130 130 Average Speed 126 | 117 120 120 121 130 130 130 130 Slowest Speed 130 | 120 120 120 130 130 130 130 130 Overloaded Moves . | . . . . . . . . Propulsion Burnouts . | . . . . . . . . Robots Hopped . | . . . . . . . . Potential Cave-ins . | . . . . . . . . Cave-ins Triggered . | . . . . . . . . Exploration Rate (%) 41 | 5 35 53 25 56 68 77 10 Regions Visited 7 Branch Regions 4 Pre-discovered Areas . | . . . . . . . . Known Exits Taken 4 | . 1 1 1 1 . . . Unknown Exits Taken 3 | 1 . . . . 1 1 . Scrap Searched 3 | . . 1 . 1 . 1 . Spaces Dug . | . . . . . . . . Terrain Destroyed . | . . . . . . . . Melee . | . . . . . . . . Projectile . | . . . . . . . . AOE . | . . . . . . . . Terrain Rammed . | . . . . . . . . Walls Destroyed . | . . . . . . . . Machines Disabled . | . . . . . . . . Actions | -11 -10 -10 -9 -9 -9 -8 -8 --------- Run | Yrd Mat Min Mat Min Exi Min Mat Total 2435 | 103 225 338 332 539 257 538 103 Wait 346 | . 54 56 48 52 . 119 17 Move 1865 | 84 151 246 243 416 252 417 56 Hop . | . . . . . . . . Pick Up 54 | 9 8 10 15 9 2 1 . Fast Attach . | . . . . . . . . Attach 21 | 6 4 2 3 3 1 . 2 Detach . | . . . . . . . . Swap 16 | . . 2 5 6 . . 3 Drop 35 | . 4 9 11 8 2 1 . Fire 98 | 4 4 13 7 45 . . 25 Melee . | . . . . . . . . Ram . | . . . . . . . . Kick . | . . . . . . . . Crush . | . . . . . . . . Escape Stasis . | . . . . . . . . Rewire . | . . . . . . . . Trap . | . . . . . . . . Miscellaneous . | . . . . . . . . Route ------- -11/Scrapyard -10/Materials -10/Mines -9/Materials -9/Mines (discovered 2 exits: *Exi / *Zio) -9/Exiles -8/Mines -8/Materials History --------- Turn | Location | Event 3 | -11/Scrapyard | Discovered new exit (range 16) 127 | -11/Scrapyard | Entered Materials 301 | -10/Materials | Build established: Mutant 310 | -10/Materials | Identified exit to Mines 389 | -10/Materials | Entered Mines 489 | -10/Mines | Excavation squad dispatched 489 | -10/Mines | A large section of the Mines collapsed 641 | -10/Mines | Met a Derelict who couldn't figure out how to use a Trap Extractor 786 | -10/Mines | Discovered new exit (range 8) 795 | -10/Mines | Identified exit to Materials 797 | -10/Mines | Entered Materials 797 | -9/Materials | Evolved 2 slots: Propulsion x1, Utility x1 1172 | -9/Materials | Discovered new exit (range 11) 1186 | -9/Materials | Identified exit to Mines 1187 | -9/Materials | Entered Mines 1190 | -9/Mines | Met a Derelict bent on vengeance 1191 | -9/Mines | Assisted by bots powering up and referring to "LRC-V3" 1307 | -9/Mines | Found a damaged Exp. Sensor Array with a note attached 1310 | -9/Mines | Found Prototype Device 1312 | -9/Mines | Identified Exp. Sensor Array 1325 | -9/Mines | Met a Derelict testing a Signal Generator 1417 | -9/Mines | Met a Derelict shopkeep closing up shop 1596 | -9/Mines | A Derelict revealed a hidden shortcut to a safe place 1598 | -9/Mines | Identified exit to Zion 1927 | -9/Mines | Deemed a non-threat by the Exiles lab entrance 1928 | -9/Mines | Discovered new exit (range 5) 1932 | -9/Mines | Identified exit to Exiles 1933 | -9/Mines | Entered Exiles 1965 | -9/Exiles | Met 8R-AWN 1987 | -9/Exiles | Met EX-HEX 2035 | -9/Exiles | Met EX-DEC 2073 | -9/Exiles | Met EX-BIN 2087 | -9/Exiles | Aligned with FarCom system 2088 | -9/Exiles | Given EX-Vault access code 2118 | -9/Exiles | Opened EX-Vault 2131 | -9/Exiles | Found Cloak of Protection 2160 | -9/Exiles | Warned to stay clear of 0b10 Research branches 2175 | -9/Exiles | Exiles lab attacked by MAIN.C 2255 | -9/Exiles | Discovered new exit (range 10) 2265 | -9/Exiles | Left Exiles lab with Cloak of Protection 2265 | -9/Exiles | Entered Mines 2561 | -8/Mines | Build established: Skirmisher 2919 | -8/Mines | Discovered new exit (range 8) 2928 | -8/Mines | Entered Materials 2928 | -8/Materials | Evolved 2 slots: Power x1, Utility x1 3088 | -8/Materials | Core integrity fell below 50% 3088 | -8/Materials | Self-destructed Last Messages --------------- Titanium Leg broken. Overheating: Short circuit. Overheating: Lgt. Assault Rifle damaged (-1). Overheating: Cloak of Protection damaged (-7). Overheating: Mic. Nuclear Core damaged (-8). G-50 Soldier suffers critical hit (Destroy). Destroyed Carbon-fiber Leg. Overheating: Mic. Nuclear Core damaged (-4). R-06 Scavenger collects Corrupted Flight Unit. Med. Armor Plating destroyed. Overheating: Matter decay (-17). Cloak of Protection destroyed. Lgt. Assault Rifle destroyed. Overheating: Broken Titanium Leg damaged (-2). R-06 Scavenger collects Corrupted Lgt. Ion Engine+. Broken Titanium Leg destroyed. Critical hit (Burn: +37). Power failure, Mic. Nuclear Core shutdown. Overheating: Core damaged (-71). Map ----- +----------------------------------------------------+ | ?????????????????????????????????????????????????? | | ?????????????????????????????????????????????????? | | ?????????????????????????????????????????????????? | | ?????????????????????????????????????????????????? | | ?????????????????????????????????????????????????? | | ?????????????????????????????????????????????????? | | ?????????????????????????????????????????????????? | | ?????????????????????????????????????????????????? | | ?????????????????????????????????????????????????? | | ?????????????????????????????????????????????????? | | ???????????????????????g?????????????????????????? | | ?????????????????????????????????????????????????? | | ?????????????????????????????????????????????????? | | ?????????????????????????????????????????????????? | | ?????????????????????????????????????????????????? | | ?????????????????????????????????????????????????? | | ??????????????????????????????????????Y??????????? | | ?????????????????????????????????????????????????? | | ???????????w?????????#???????????????????????????? | | ?????????????????????# ??????????????????????????? | | ?????????????????????#%??????????????????????????? | | ?????????????????????#+######????????????????????? | | ?????????????????????#%r= #????????????????????? | | ?????????????????????# #????????????????????? | | ?????????????????????#% g #????????????????????? | | ?????????????????????# @ #????????????????????? | | ?????????????????????# #?????##g????????????? | | ?????????????????????# =g! #???? ??gY??????????? | | ?????????????????????####u###### #???????????????? | | ?????????????????????# % g #???????????????? | | ?????????????????????# #???????????????? | | ?????????????????????# #???????????????? | | ?????????????????????# #####g#???????????????? | | ?????????????????????# ##????####????????????? | | ?????????????????????# # ??? #????????????? | | ?????????????????????# # ?"" #????????????? | | ?????????????????????# # """ #????????????? | | ?????????????????????# # """ #????????????? | | ?????????????????????# #= #????????????? | | ?????????????????????#### # """ #????????????? | | ????????????????????????# # """ #????????????? | | ????????????????????????# # """ #????????????? | | ????????????????????????# # #????????????? | | ????????????????????????# #####+######??????????? | | ????????????????????????# #??????????? | | ????????????????????????+ #??????????? | | ????????????????????????# +??????????? | | ????????????????????????########### #??????????? | | ????????????????????????# # #??????????? | | ????????????????????????# # #??????????? | +----------------------------------------------------+ Best States ------------- Heat Dissipation 31 Energy Generation 21 Energy Capacity 250 Matter Stores 300 Matter Capacity 300 Sight Range 16 Robot Scan Range 20 Terrain Scan Range 16 Terrain Scan Density 10 Cloak Strength 5 Armor Coverage 225 Evasion (%) 55 Item Schematics ----------------- None Robot Schematics ------------------ None Fabricated ------------ Nothing Repaired ---------- Nothing Studied --------- Lgt. Ion Engine | -9/Materials | Hacked EMP Blaster | -9/Materials | Hacked Alien Tech Used ----------------- None Achievements -------------- None Challenges ------------ None Game ------ Seed MassPoweredStripper Manual? 0 Play Time 00:29:52 Cumulative 16.6 hours Start 2026.09.04 @ 19:58:52 End 2026.09.04 @ 20:28:28 Sessions 1 Manual Loads 0 Difficulty Rogue Special Mode None Game No. 24 Rogue 22 Adventurer 2 Explorer 0 Win Type - Total 0 Types 0/0/0/0/0/0/0/0/0/0 Lore% 14 Gallery% 18 Achievement% 17 Wizard Run 0 Options --------- Layout 1 ASCII 1 Keyboard 0 Movement Numpad Keybinds 0 Fullscreen 2 Font 24/Smallcaps Map View 50x35 Zoom Use 0% Tactical HUD 0 Map Filters NONE Filters NONE Steam 1 RUN: de17789b-3f6c-402a-98d8-4cba743e0eec